 Dungeon Crawl Stone Soup version 0.17.2-1-ge4368a0 (webtiles) character file.

2962 daftwullie the Basher (level 9, -2/89 HPs)
             Began as an Ogre Warper on May 29, 2017.
             Was a Follower of the Shining One.
             Killed from afar by Erica (11 damage)
             ... with an orb of energy
             ... on level 8 of the Dungeon on May 31, 2017.
             The game lasted 01:47:29 (11610 turns).

daftwullie the Basher (Ogre Warper)                Turns: 11610, Time: 01:47:30

Health: -2/89      AC:  8    Str: 18    XL:     9   Next: 81%
Magic:  21/27      EV: 10    Int: 15    God:    the Shining One [*.....]
Gold:   623        SH:  0    Dex:  9    Spells: 3 memorised, 15 levels left

rFire  + . .     SeeInvis .     a - +0 mace (protect)
rCold  . . .     Clarity  .     b - +0 robe
rNeg   . . .     SustAt   .     (no shield)
rPois  .         Gourm    +     (helmet restricted)
rElec  .         Spirit   .     (no cloak)
rCorr  .         Warding  .     (gloves unavailable)
rMut   .         Stasis   .     (boots unavailable)
MR     .....                    G - amulet of the gourmand
Stlth  +.........               w - ring of magical power
                                g - ring of protection from fire

@: very slightly contaminated, hasted and slowed, glowing, not resistant to
hostile enchantments, very unstealthy
A: unfitting armour, tough skin 1
a: Renounce Religion


You were on level 8 of the Dungeon.
You worshipped the Shining One.
The Shining One was aware of your devotion.
You were very full.

You visited 2 branches of the dungeon, and saw 9 of its levels.
You also visited: Ossuary.

You collected 623 gold pieces.

Inventory:

Hand Weapons
 a - a +0 mace of protection (weapon)
 d - a +0 giant spiked club
 e - a +0 mace
Missiles
 h - 284 stones (quivered)
 x - 5 needles of slowing
 A - 2 throwing nets
Armour
 b - a +0 robe (worn)
Jewellery
 g - a ring of protection from fire (left hand)
 w - a ring of magical power (right hand)
 y - an uncursed ring of stealth
 F - an uncursed ring of flight
 G - an amulet of the gourmand (around neck)
 J - an uncursed ring of magical power
 L - an uncursed ring of magical power
 P - an uncursed amulet of guardian spirit
 R - an uncursed ring of wizardry
Wands
 I - a wand of fire (0)
Scrolls
 i - 4 scrolls of fear {unknown}
 m - 3 scrolls of noise {unknown}
 o - 3 scrolls of immolation
 p - a scroll of random uselessness {unknown}
 q - 8 scrolls of identify
 r - 3 scrolls of enchant armour
 s - a scroll of teleportation {unknown}
 t - 3 scrolls of remove curse
 z - a scroll of magic mapping {unknown}
 C - a scroll of recharging {unknown}
 E - a scroll of fog {unknown}
 K - a scroll of amnesia
 O - a scroll of acquirement {unknown}
Potions
 j - 5 potions of brilliance
 k - 3 potions of might
 u - 5 potions of curing
 D - a potion of magic {unknown}
Books
 c - a book of Spatial Translocations

   Spells                             Type                      Level
   a - Apportation                    Translocation                1
   b - Blink                          Translocation                2
   c - Shroud of Golubria             Charms/Translocation         2
   d - Portal Projectile              Translocation                3
   e - Teleport Other                 Translocation                3
   f - Passage of Golubria            Translocation                4
 H - a book of Maledictions

   Spells                             Type                      Level
   a - Corona                         Hexes                        1
   b - Ensorcelled Hibernation        Hexes/Ice                    2
   c - Confuse                        Hexes                        3
   d - Tukima's Dance                 Hexes                        3
   e - Dazzling Spray                 Conjuration/Hexes            3
Comestibles
 f - 3 bread rations
 l - 5 meat rations
 v - 3 beef jerkies
 B - 2 slices of pizza
 N - 5 fruits


   Skills:
 + Level 6.3 Fighting
 * Level 9.4 Maces & Flails
 * Level 7.8 Throwing
 - Level 2.1 Dodging
 * Level 6.1 Spellcasting
 + Level 1.8 Charms
 + Level 3.6 Translocations


You had 15 spell levels left.
You knew the following spells:

 Your Spells              Type           Power        Failure   Level  Hunger
a - Apportation           Tloc           ###.......   3%          1    None
b - Blink                 Tloc           N/A          6%          2    #......
c - Shroud of Golubria    Chrm/Tloc      ##........   10%         2    #......


Dungeon Overview and Level Annotations

Branches:
Dungeon (8/15)             Temple (1/1) D:7
   Lair: D:8-11

Altars:
Ashenzari
Elyvilon
Fedhas
Gozag
Nemelex Xobeh
Okawaru
Qazlal
Ru
Trog
Yredelemnul
Zin
The Shining One

Shops:
D:4 %   D:5 [

Annotations:
D:8 Erica


Innate Abilities, Weirdness & Mutations

You are too large for most types of armour.
You have tough skin (AC +1).


Message History

Casting: Blink
Confirm with . or Enter, or press ? or * to list all spells.
You blink.
Drink which item? (? for menu, Esc to quit)
You feel yourself speed up.
Erica hits you with a scimitar of flaming!
* * * LOW HITPOINT WARNING * * *
Erica burns you.
* * * LOW HITPOINT WARNING * * *
You are very lightly contaminated with residual magic.
Casting: Blink
Confirm with . or Enter, or press ? or * to list all spells.
You blink.
Erica points at you and mumbles some strange words.
You feel as though you will be slow longer.
Put on which piece of jewellery? (? for menu, Esc to quit)
Okay, then.
Erica gestures at you while chanting. The orb of energy hits you!
You die...

#........# #.#
########## #.# # #.# #
#.# # ########
######(### ######......#
#...((...# #...........#
#...ยง@...#
#...........# #........#
............###.@......#
..............######.###
#.....##....#.######.#
#.....#####.......##.#
#.....# #.......##.# #
####### #.......##.##.##
###............#
#.#####..###.#
#..).....# #.#


You could see Erica.

Vanquished Creatures
  Grinder (D:3)
  Sigmund (D:3)
  2 orc warriors (D:7)
  An ice beast (D:6)
  2 black bears
  2 centaurs
  2 ogres
  A sky beast (D:6)
  A necrophage (D:5)
  A big kobold (D:8)
  A giant frog (D:6)
  A gnoll sergeant (D:7)
  A water moccasin zombie (D:5)
  3 scorpions
  3 crimson imps
  An orc priest (D:3)
  A giant frog zombie (D:6)
  4 hell rats (D:7)
  4 orc wizards
  Jessica (D:3)
  A centaur skeleton (D:8)
  3 hounds
  3 iguanas
  Terence (D:3)
  8 worker ants
  A gnoll shaman (D:6)
  A sheep (D:7)
  A hound zombie (D:5)
  Robin (D:2)
  12 adders
  15 gnolls
  2 river rats (D:7)
  An ooze (D:6)
  An adder skeleton (D:5)
  A worm (D:2)
  A giant gecko (D:1)
  19 orcs
  A ball python (D:2)
  5 bats
  3 giant cockroaches
  14 hobgoblins
  11 jackals
  12 kobolds
  4 quokkas
  A giant newt (D:1)
  13 goblins
  A jackal skeleton (D:8)
  A quokka zombie (D:8)
  34 rats
206 creatures vanquished.

Notes
Turn   | Place    | Note
--------------------------------------------------------------
     0 | D:1      | daftwullie the Ogre Warper began the quest for the Orb.
     0 | D:1      | Reached XP level 1. HP: 22/22 MP: 3/3
   137 | D:1      | Reached XP level 2. HP: 2/29 MP: 5/5
   431 | D:1      | Learned a level 2 spell: Blink
   434 | D:1      | Learned a level 2 spell: Shroud of Golubria
   573 | D:1      | Reached skill level 3 in Fighting
  1090 | D:1      | Reached XP level 3. HP: 37/37 MP: 6/6
  1490 | D:2      | Noticed Robin
  1500 | D:2      | Killed Robin
  1626 | D:2      | Reached XP level 4. HP: 13/45 MP: 0/8
  2302 | D:2      | Found a blossoming altar of Fedhas.
  2303 | D:2      | Found a basalt altar of Yredelemnul.
  2303 | D:2      | Found an iron altar of Okawaru.
  2305 | D:2      | Found a bloodstained altar of Trog.
  2305 | D:2      | Found a sacrificial altar of Ru.
  2306 | D:2      | Found a white marble altar of Elyvilon.
  2385 | D:3      | Reached skill level 4 in Maces & Flails
  2408 | D:3      | Reached XP level 5. HP: 37/54 MP: 4/9
  2458 | D:3      | Noticed Jessica
  2462 | D:3      | Killed Jessica
  2535 | D:3      | Found a glowing silver altar of Zin.
  2535 | D:3      | Found an opulent altar of Gozag.
  2746 | D:3      | HP: 2/54 [orc/mace (6)]
  3044 | D:3      | Reached XP level 6. HP: 62/62 MP: 10/10
  3088 | D:3      | Noticed Sigmund
  3351 | D:3      | Killed Sigmund
  3351 | D:3      | Reached skill level 5 in Maces & Flails
  3416 | D:3      | Noticed Grinder
  3681 | D:4      | Reached XP level 7. HP: 59/70 MP: 12/12
  4589 | D:4      | Found Erhyth's Food Shoppe.
  4944 | D:5      | Entered Level 5 of the Dungeon
  5045 | D:5      | Reached skill level 5 in Throwing
  5062 | D:5      | Reached skill level 6 in Maces & Flails
  5067 | D:5      | Reached XP level 8. HP: 55/78 MP: 14/14
  5312 | D:5      | Found Oviubb's Antique Armour Shop.
  5332 | D:5      | Reached skill level 1 in Charms
  5345 | D:5      | Found a sand-covered staircase.
  5372 | Ossuary  | Entered an ossuary
  5382 | Ossuary  | Noticed Alipheese's ghost (amateur NaSk)
  6918 | D:6      | Reached skill level 7 in Maces & Flails
  7150 | D:6      | Reached skill level 5 in Spellcasting
  7420 | D:6      | Reached skill level 5 in Fighting
  7871 | D:3      | Paralysed by Grinder for 3 turns
  7880 | D:3      | Killed Grinder
  7880 | D:3      | Reached XP level 9. HP: 87/87 MP: 16/16
  8081 | D:3      | Noticed Terence
  8099 | D:3      | Killed Terence
  8391 | D:7      | Found a staircase to the Ecumenical Temple.
  8399 | Temple   | Entered the Ecumenical Temple
  8403 | Temple   | Became a worshipper of the Shining One
  8583 | D:7      | Reached skill level 8 in Maces & Flails
  9325 | D:7      | Found a bloodstained altar of Trog.
 10721 | D:8      | Reached * piety under the Shining One
 11017 | D:8      | Reached skill level 9 in Maces & Flails
 11591 | D:8      | Noticed Erica
 11610 | D:8      | Killed from afar by Erica

Action                   |  1- 3 |  4- 6 |  7- 9 || total
-------------------------+-------+-------+-------++-------
Melee: Mace              |   109 |   109 |   612 ||   830
Throw: Tomahawk          |     5 |       |    36 ||    41
       Javelin           |    14 |    35 |    33 ||    82
       Stone             |     1 |    19 |    80 ||   100
       Throwing net      |       |     2 |       ||     2
 Cast: Shroud of Golubri |     5 |     9 |    48 ||    62
       Blink             |       |     1 |     8 ||     9
Evoke: Wand              |       |       |     3 ||     3
  Use: Potion            |     2 |     3 |     5 ||    10
       Scroll            |       |     3 |     6 ||     9
  Eat: Pizza             |     1 |       |     1 ||     2
       Chunk             |     1 |     7 |    38 ||    46
       Fruit             |       |       |     3 ||     3
